 Dungeon Crawl Stone Soup version 0.30.0-5-g1a98f26d00 (webtiles) character file.

Game seed: 4194497994610996184

2 croobank the Firebug (level 1, -1/14 HPs)
             Began as a Demigod Fire Elementalist on May 10, 2023.
             Slain by a kobold
             ... wielding a +0 short sword
              (2 damage)
             ... on level 1 of the Dungeon.
             The game lasted 00:01:46 (26 turns).

croobank the Firebug (Demigod Fire Elementalist)      Turns: 26, Time: 00:01:47

Health: -1/14      AC:  2    Str:  9    XL:     1   Next: 26%
Magic:  4/5        EV: 12    Int: 17    God:
Gold:   0          SH:  0    Dex: 14    Spells: 2/3 levels left

rFire   . . .        (no weapon)
rCold   . . .        (no shield)
rNeg    . . .        a - +0 robe
rPois   .            (no helmet)
rElec   .            (no cloak)
rCorr   .            (no gloves)
SInv    .            (no boots)
Will    .....        (no amulet)
Stlth   ++           (no ring)
HPRegen 0.22/turn    (no ring)
MPRegen 0.09/turn

%: no passive effects
@: no status effects
A: high MP 1, forlorn, divine attributes
a: no special abilities


You were on level 1 of the Dungeon.
You visited 1 branch of the dungeon, and saw 1 of its levels.

Inventory:

Armour
 a - a +0 robe (worn)


   Skills:
 + Level 0.1 Fighting
 + Level 1.8 Dodging
 + Level 1.8 Stealth
 + Level 1.8 Spellcasting
 + Level 0.9 Conjurations
 + Level 2.7 Fire Magic


You had 2 spell levels left.
You knew the following spells:

 Your Spells              Type           Power      Damage    Failure   Level
a - Foxfire               Conj/Fire      28%        2x1d5     10%         1

Your spell library contained the following spells:

 Spells                   Type           Power      Damage    Failure   Level
 Scorch                   Fire           20%        2d5       10%         2
 Inner Flame              Hex/Fire       6%         N/A       34%         3
 Volatile Blastmotes      Fire/Tloc      12%        2d11      34%         3
 Flame Wave               Conj/Fire      7%         2d5       67%         4


Dungeon Overview and Level Annotations

Branches:
Dungeon (1/15)


Innate Abilities, Weirdness & Mutations

You have an increased reservoir of magic. (+10% MP)
You shall have no god before yourself.
Your divine heritage dramatically boosts your attributes as you level up.


Message History

You barely miss the jackal.
The jackal is lightly wounded.
The foxfire hits the endoplasm.
The endoplasm is severely wounded.
The foxfire hits the jackal but does no damage.
The jackal is lightly wounded.
The jackal bites you.
A frilled lizard comes into view.
The frilled lizard hisses angrily.
You hit the jackal but do no damage.
The jackal is lightly wounded.
The jackal barely misses you. The endoplasm freezes you.
You are frozen.
You hit the jackal but do no damage.
The jackal is lightly wounded.
The jackal bites you. The jackal barely misses you.
The endoplasm barely misses you.
Okay, then.
Unknown command.
Unknown command.
Magic courses through your body. The jackal bites you.
The endoplasm barely misses you.
Casting: Foxfire (safe; 10% risk of failure)
Confirm with . or Enter, or press ? or * to list all spells.
You conjure some foxfire!
The jackal misses you. The jackal completely misses you. The kobold misses you.
The endoplasm hits you.
* * * LOW HITPOINT WARNING * * *
You closely miss the jackal.
The jackal is lightly wounded.
The foxfire hits the kobold.
The kobold is moderately wounded.
The foxfire hits the jackal.
The jackal is moderately wounded.
The jackal bites you.
* * * LOW HITPOINT WARNING * * *
The endoplasm closely misses you.
The kobold hits you with a +0 short sword.
You die...

#. #. .. #. #.
#########
######†###.......#
...[.>Jh##.......#
#lK@.........#
#####.###.......#
###.....###.......#
.........##.......#
.........##.......#
.........##.#######
...♣.....##.#
....8.......#
.......<..###


You could see an endoplasm, a jackal, a kobold and a frilled lizard.

Vanquished Creatures
  2 jackals (D:1)
2 creatures vanquished.

Vanquished Creatures (others)
  11 foxfires (D:1)
11 creatures vanquished.

Grand Total: 13 creatures vanquished

Notes
Turn   | Place    | Note
-------+----------+-------------------------------------------
     0 | D:1      | croobank the Demigod Fire Elementalist began the quest for
                  | the Orb.
     0 | D:1      | Reached XP level 1. HP: 14/14 MP: 5/5
    26 | D:1      | Slain by a kobold

Illustrated notes

Levels and vault maps discovered:
D:1:      wander_arrival_peaceful_grave, layout_rooms

Action                     || total
---------------------------++-------
  Melee: Unarmed           ||     4
   Cast: Foxfire           ||     6
    Use: Potion            ||     1
  Dodge: Dodged            ||     9
